 Dungeon Crawl Stone Soup version 0.27-a0-830-ga1c911b (webtiles) character file.

Game seed: 4130984968126722686

301 2tousent the Insei (level 6, -7/46 HPs)
             Began as a Demonspawn Transmuter on Mar 30, 2021.
             Mangled by a wyvern skeleton (8 damage)
             ... on level 5 of the Dungeon.
             The game lasted 00:09:24 (5497 turns).

2tousent the Insei (Demonspawn Transmuter)          Turns: 5497, Time: 00:09:25

Health: -7/46      AC:  6    Str: 11    XL:     6   Next: 14%
Magic:  9/10       EV: 13    Int: 14    God:
Gold:   89         SH:  0    Dex: 15    Spells: 10/11 levels left

rFire    . . .     SeeInvis .   h - +1 dagger (venom)
rCold    . . .     Faith    .   (no shield)
rNeg     . . .     Spirit   .   a - +0 robe
rPois    .         Reflect  .   (helmet restricted)
rElec    .         Harm     .   e - +1 cloak
rCorr    .         Rampage  .   k - +0 pair of gloves
Will     .....                  (no boots)
Stlth    ++........             (no amulet)
HPRegen  0.15/turn              (no ring)
MPRegen  0.12/turn              (no ring)

@: lethally poisoned (-7 -> -12)
A: antennae 1, sharp scales 1, demonic magic 1
a: no special abilities


You were on level 5 of the Dungeon.
You visited 1 branch of the dungeon, and saw 5 of its levels.

You collected 89 gold pieces.

Inventory:

Hand Weapons
 c - a +0 dagger
 f - a +0 rapier
 h - a +1 dagger of venom (weapon)
Armour
 a - a +0 robe (worn)
 e - a +1 cloak (worn)
 k - a +0 pair of gloves (worn)
Scrolls
 b - a scroll of identify
 i - a scroll of torment
Potions
 g - 3 potions of haste


   Skills:
 + Level 2.5 Fighting
 * Level 1.8 Short Blades
 + Level 2.7 Dodging
 * Level 2.6 Stealth
 - Level 3.1 Unarmed Combat
 + Level 3.0 Spellcasting
 - Level 2.3 Transmutations


You had 10 spell levels left.
You knew the following spells:

 Your Spells              Type           Power      Damage    Failure   Level
a - Beastly Appendage     Tmut           16%        N/A       9%          1

Your spell library contained the following spells:

 Spells                   Type           Power      Damage    Failure   Level
 Wereblood                Tmut           8%         N/A       12%         2
 Animate Skeleton         Necr           4%         N/A       22%         1
 Pain                     Necr           8%         1d4       22%         1
 Spider Form              Tmut/Pois      2%         N/A       36%         3
 Vampiric Draining        Necr           1%         2d6       54%         3
 Ice Form                 Ice/Tmut       5%         N/A       78%         4
 Animate Dead             Necr           1%         N/A       91%         4
 Hydra Form               Tmut           4%         N/A       92%         5
 Agony                    Necr           2%         N/A       99%         5


Dungeon Overview and Level Annotations

Branches:
Dungeon (5/15)
 Temple: D:4-7

Altars:
Nemelex Xobeh
Uskayaw


Innate Abilities, Weirdness & Mutations

You have a pair of small antennae on your head.
You are partially covered in razor-sharp scales. (AC +1, Slay +1)
Spells you cast may paralyse adjacent enemies.


Message History

You kill the scorpion!
The wyvern skeleton bites you.
* * * LOW HITPOINT WARNING * * *
Your Spellcasting skill increases to level 3!
You have reached level 6!
Your experience leads to an increase in your attributes!
Increase (S)trength, (I)ntelligence, or (D)exterity?
You feel agile.
* * * LOW HITPOINT WARNING * * *
You feel very sick.
Really quaff the potion of lignification?
You turn into a tree.
Your +1 cloak melds into your body.
Your +0 pair of gloves melds into your body.
Your +0 robe melds into your body.
Your roots penetrate the ground.
You feel very sick.
The wyvern skeleton bites you but does no damage.
Your magical contamination has completely faded away.
You barely miss the wyvern skeleton.
You feel sick. The wyvern skeleton bites you.
* * * LOW HITPOINT WARNING * * *
The wyvern skeleton bites you.
* * * LOW HITPOINT WARNING * * *
You hit the wyvern skeleton.
The wyvern skeleton is lightly damaged.
You feel sick. The wyvern skeleton bites you.
* * * LOW HITPOINT WARNING * * *
Your magical effects are unravelling.
You feel magically purged.
You feel less wooden.
Your +1 cloak unmelds from your body.
Your +0 pair of gloves unmelds from your body.
Your +0 robe unmelds from your body.
* * * LOW HITPOINT WARNING * * *
You feel sick.
The wyvern skeleton bites you but does no damage.
You hit the wyvern skeleton.
The wyvern skeleton is moderately damaged.
* * * LOW HITPOINT WARNING * * *
You feel sick. The wyvern skeleton bites you!
You die...

..#
..............###
#..###....#####..##
#.. ###..##......#
#.........##
.######.........#
...........######
...........#
....!......####
..........@...##
..........Z....#
#.##..........## #
#........#..#
#.....##...##
#.....# #..#
...<...# .##
.....## .. .... ...


You could see a wyvern skeleton.

Vanquished Creatures
  A scorpion (D:5)
  A hound (D:4)
  2 iguanas
  A hound skeleton (D:4)
  Robin (D:2)
  7 adders
  6 endoplasms
  4 giant cockroaches
  9 goblins
  10 hobgoblins
  6 jackals
  4 kobolds
  3 quokkas
  7 ball pythons
  4 bats
  8 frilled lizards
  6 rats
80 creatures vanquished.

Vanquished Creatures (others)
  4 fungi (D:5)
4 creatures vanquished.

Grand Total: 84 creatures vanquished

Notes
Turn   | Place    | Note
-------+----------+-------------------------------------------
     0 | D:1      | 2tousent the Demonspawn Transmuter began the quest for the
                  | Orb.
     0 | D:1      | Reached XP level 1. HP: 15/15 MP: 3/3
   737 | D:1      | Gained mutation: You have a pair of small antennae on your
                  | head. [demonic ancestry]
   737 | D:1      | Reached XP level 2. HP: 13/21 MP: 5/5
   853 | D:1      | Found a sparkling altar of Nemelex Xobeh.
  1640 | D:2      | Gained mutation: Spells you cast may paralyse adjacent
                  | enemies. [demonic ancestry]
  1640 | D:2      | Reached XP level 3. HP: 26/26 MP: 4/6
  2449 | D:2      | Noticed Robin
  2487 | D:2      | Killed Robin
  2488 | D:2      | Reached skill level 1 in Stealth
  2488 | D:2      | Reached XP level 4. HP: 3/33 MP: 5/7
  4517 | D:4      | Found a hide-covered altar of Uskayaw.
  4625 | D:4      | Gained mutation: You are partially covered in razor-sharp
                  | scales. (AC +1, Slay +1) [demonic ancestry]
  4625 | D:4      | Reached XP level 5. HP: 38/38 MP: 6/9
  4715 | D:4      | Reached skill level 1 in Short Blades
  5400 | D:5      | Entered Level 5 of the Dungeon
  5492 | D:5      | Reached XP level 6. HP: 13/46 MP: 8/10
  5496 | D:5      | HP: 2/46 [poisoned by a scorpion]
  5497 | D:5      | Mangled by a wyvern skeleton

Illustrated notes

Levels and vault maps discovered:
D:1:      dpeg_arrival_leaves_temple_mockup, layout_basic,
          roderic_serpentine_path, nemelex_diamond_rough_becter
D:2:      layout_basic, serial_forest, infiniplex_forest_lined_corner,
          infiniplex_forest_straight_5, infiniplex_forest_clump_cross,
          infiniplex_forest_clump_double, infiniplex_forest_corner_1,
          infiniplex_forest_end_3, infiniplex_forest_side_room, uniq_robin
D:3:      layout_basic
D:4:      layout_gridville, old_standard_altar
D:5:      layout_cave_pools, pdpol_temple_overflow_zin_treasury_gozag_greed,
          lemuel_crystal_altar, serial_shops, nicolae_shop_behind_doors,
          fedhas_altar_3

Skill      XL: |  1  2  3  4  5 |
---------------+----------------+-----
Transmutations | 2 |  2.3
Unarmed Combat | 3 |  3.1
Dodging        | 2 |  2.7
Stealth        | 1 2 |  2.6
Fighting       | 2 |  2.5
Short Blades   | 1 |  1.8
Spellcasting   | 3 |  3.0

Action                   |  1- 3 |  4- 6 || total
-------------------------+-------+-------++-------
Melee: Unarmed           |   119 |       ||   119
       Headbutt          |     1 |       ||     1
       Kick              |    13 |    15 ||    28
       Rapier            |    40 |    47 ||    87
       Punch             |     2 |     3 ||     5
       Dagger            |       |    75 ||    75
 Cast: Beastly Appendage |    11 |     7 ||    18
  Use: Scroll            |     2 |     8 ||    10
       Potion            |     3 |     3 ||     6
 Stab: Sleeping          |     4 |    10 ||    14
       Paralysed         |     4 |     5 ||     9
Armor: Robe              |    26 |    37 ||    63
       Skin              |       |     1 ||     1
Dodge: Dodged            |    79 |    54 ||   133

Table legend: (Time is in decaauts)
 A = Elapsed time spent in this place.
 B = Non-inter-level travel time spent in this place.
 C = Inter-level travel time spent in this place.
 D = Time resting spent in this place.
 E = Time spent auto-exploring this place.
 F = Levels seen in this place.
 G = Mean time per level.
                   A        B        C        D        E       F      G
               +--------+--------+--------+--------+--------+-----+--------+
         Total |   5502 |   5398 |    104 |    201 |   4532 |   5 | 1100.4 |
       Dungeon |   5502 |   5398 |    104 |    201 |   4532 |   5 | 1100.4 |
               +--------+--------+--------+--------+--------+-----+--------+

Top non-repeatable levels by time:
     D:2: 1562 daAuts
     D:1: 1531 daAuts
     D:4: 1188 daAuts
     D:3: 1125 daAuts
     D:5: 95 daAuts
